 Dungeon Crawl Stone Soup version 0.19.1-1-g22dce08 (webtiles) character file.

138 M4edhros the Poker (level 5, -1/36 HPs)
             Began as an Octopode Chaos Knight on Dec 29, 2016.
             Slain by a gnoll
             ... wielding a +0 spear
              (7 damage)
             ... on level 2 of the Dungeon.
             The game lasted 00:02:10 (1640 turns).

M4edhros the Poker (Octopode Chaos Knight)          Turns: 1640, Time: 00:02:10

Health: -1/36      AC:  1    Str: 10      XL:     5   Next: 21%
Magic:  5/5        EV: 13    Int: 13 (14) God:    Xom [....*.]
Gold:   66         SH:  0    Dex: 10 (12) Spells: 0 memorised, 4 levels left

rFire  . . .     SeeInvis .     a - +0 spear (chaos)
rCold  . . .     Gourm    .     (no shield)
rNeg   . . .     Faith    .     (helmet restricted)
rPois  .         Spirit   .     (no amulet)
rElec  .         Reflect  .     (no ring)
rCorr  .         Harm     .     (no ring)
MR     .....                    (no ring)
Stlth  ++........               (no ring)
                                (no ring)
                                (no ring)
                                (no ring)
                                (no ring)

@: very slightly contaminated, hasted, very quick
A: almost no armour, stealthy swim, amphibious, 8 rings, constrict 8, tentacle
spike 1, camouflage 1, high mp 1, weak 1, gelatinous body 1
a: Renounce Religion


You were on level 2 of the Dungeon.
You worshipped Xom.
You were a beloved toy of Xom.
You were hungry.

You visited 1 branch of the dungeon, and saw 2 of its levels.

You collected 66 gold pieces.

Inventory:

Hand Weapons
 a - a +0 spear of chaos (weapon)
Jewellery
 k - an uncursed ring of wizardry {unknown}
 l - a +6 amulet of reflection {unknown}
Wands
 g - a wand of lightning (10/15)
Scrolls
 d - 4 scrolls of noise {unknown}
 e - a scroll of remove curse {unknown}
Comestibles
 b - a bread ration
 c - a slice of pizza
 i - 4 chunks of flesh


   Skills:
 - Level 3.0 Fighting
 + Level 5.7 Polearms
 - Level 2.3 Dodging


You had 4 spell levels left.
You didn't know any spells.

Dungeon Overview and Level Annotations

Branches:
Dungeon (2/15)

Altars:


Innate Abilities, Weirdness & Mutations

You cannot wear most types of armour.
You are very stealthy in the water. (Stealth+)
You are amphibious.
You can wear up to eight rings at the same time.
You can use your tentacles to constrict eight enemies at once.
Your skin changes colour to match your surroundings (Stealth+).
Your rubbery body absorbs attacks. (AC +1, EV +1)
One of your tentacles bears a spike.
You have an increased reservoir of magic. (+10% MP)
You are weak. (Str -2)


Message History

Press: ? - help, Dir - move target cursor, f/p - gnoll
Aim: a gnoll, wielding a spear (lightly wounded, fast)
You reach to attack!
You hit the gnoll. You freeze the gnoll.
The gnoll is heavily wounded.
You constrict something. The gnoll misses you. The gnoll barely misses you.
Something hits you.
* * * LOW HITPOINT WARNING * * *
Unknown command.
You feel yourself speed up.
You constrict something.
Reactivating autopickup.
You feel your intelligence returning.
You feel a bit more experienced.
You are feeling hungry.
The gnoll closely misses you.
You are very lightly contaminated with residual magic.
You open the door. The gnoll barely misses you.
There is an open door here.
The gnoll hits you from afar with a spear!
You die... "This toy is broken."

..# #.....# #....).........
..# #.....# #..........####
########.....# #..........#
.......'.....# #..........#
.#...###.....#### #...(......#
................# #..........#
.#.#.#######.##.# #..........#
.#.#...,,,...##†###..........#
##.#####*######.@##..........#
<#.# #......g..........#
,#.#**** #.......##g########
,#..,,,* #...)...##.# ,###**,*
#.......##g# ,,,,,*,*
#######.##)# ,,**,,,* #.##.#
,,,,**** ##..#.# ,**,* #...#)#


You could see 2 gnolls.

Vanquished Creatures
  Terence (D:2)
  Ijyb (D:2)
  5 gnolls (D:2)
  A dart slug (D:1)
  A leopard gecko (D:1)
  2 ball pythons
  2 giant cockroaches (D:2)
  5 goblins
  3 hobgoblins
  2 jackals (D:2)
  3 kobolds
  A quokka (D:2)
  4 bats
  4 frilled lizards
  3 rats
38 creatures vanquished.

Vanquished Creatures (collateral kills)
  A gnoll (D:2)
1 creature vanquished.

Grand Total: 39 creatures vanquished

Notes
Turn   | Place    | Note
-------+----------+-------------------------------------------
     0 | D:1      | M4edhros the Octopode Chaos Knight began the quest for the Orb.
     0 | D:1      | Reached XP level 1. HP: 16/16 MP: 1/1
    42 | D:1      | XOM: harmless Necr miscast
   317 | D:1      | Reached XP level 2. HP: 14/21 MP: 2/2
   465 | D:1      | XOM: noise
   546 | D:1      | XOM: harmless Ice miscast
   575 | D:1      | XOM: divination: detect items
   764 | D:2      | Reached skill level 4 in Polearms
   851 | D:2      | Reached XP level 3. HP: 12/26 MP: 3/3
   883 | D:2      | XOM: 2-stop teleportation journey
   896 | D:2      | XOM: noise
   897 | D:2      | Noticed Ijyb
   917 | D:2      | XOM: summons friendly crimson imp
   919 | D:2      | XOM: butterfly on damage
   926 | D:2      | XOM: medium Ice miscast
  1245 | D:1      | XOM: give mutations
  1245 | D:1      | Gained mutation: You have an increased reservoir of magic. (+10% MP) [Xom's mischief]
  1245 | D:1      | Gained mutation: One of your tentacles bears a spike. [Xom's mischief]
  1245 | D:1      | Gained mutation: You are weak. (Str -2) [Xom's mischief]
  1422 | D:2      | Noticed Terence
  1435 | D:2      | Killed Terence
  1435 | D:2      | Reached skill level 5 in Polearms
  1435 | D:2      | Reached XP level 4. HP: 21/31 MP: 4/4
  1590 | D:2      | XOM: summons friendly quasit
  1608 | D:2      | XOM: cast spell 'Summon Small Mammal'
  1620 | D:2      | Killed Ijyb
  1620 | D:2      | Reached XP level 5. HP: 26/36 MP: 5/5
  1640 | D:2      | Slain by a gnoll

Skill      XL: |  1  2  3 |
---------------+----------+-----
Polearms       | 4 5 |  5.7
Fighting       | |  3.0
Dodging        | |  2.3

Action                   |  1- 3 |  4- 6 || total
-------------------------+-------+-------++-------
Melee: Spear             |    92 |    26 ||   118
       Constrict         |    18 |     5 ||    23
       Tentacles         |     7 |     5 ||    12
       Kick              |     6 |     4 ||    10
  Use: Potion            |     2 |     3 ||     5
       Scroll            |     1 |       ||     1
 Stab: Sleeping          |     3 |       ||     3
       Paralysed         |     1 |     2 ||     3
       Distracted        |       |     1 ||     1
  Eat: Chunk             |     2 |       ||     2
Armor: Skin              |     5 |     1 ||     6
Dodge: Dodged            |    38 |    21 ||    59
